 Dungeon Crawl Stone Soup version 0.18-a0-1764-gf4ddf0b (webtiles) character file.

23 Ratboiler the Conjurer (level 2, 0/19 HPs)
             Began as an Octopode Wanderer on Apr 13, 2016.
             Slain by a kobold
             ... wielding a +0 dagger
              (4 damage)
             ... on level 1 of the Dungeon.
             The game lasted 00:01:28 (816 turns).

Ratboiler the Conjurer (Octopode Wanderer)           Turns: 816, Time: 00:01:28

Health: 0/19       AC:  1    Str: 12    XL:     2   Next: 95%
Magic:  3/3        EV: 11    Int: 12    God:
Gold:   22         SH:  0    Dex: 12    Spells: 0 memorised, 3 levels left

rFire  . . .     SeeInvis .     j - +0 club
rCold  . . .     Gourm    .     (no shield)
rNeg   . . .     Faith    .     (helmet restricted)
rPois  .         Spirit   .     (no amulet)
rElec  .         Dismiss  .     (no ring)
rCorr  .         Reflect  .     (no ring)
SustAt .         Harm     .     (no ring)
MR     .....                    (no ring)
Stlth  +++.......               (no ring)
                                (no ring)
                                (no ring)
                                (no ring)

@: not resistant to hostile enchantments, fairly stealthy
A: almost no armour, amphibious, 8 rings, constrict 8, camouflage 1, gelatinous
body 1
a: no special abilities


You were on level 1 of the Dungeon.
You were not hungry.

You visited 1 branch of the dungeon, and saw 1 of its levels.

You collected 22 gold pieces.

Inventory:

Hand Weapons
 b - a +2 blowgun
 j - a +0 club (weapon)
Missiles
 a - 2 curare-tipped needles
 e - 8 javelins (quivered)
Scrolls
 f - a scroll of magic mapping {unknown}
 g - a scroll of enchant armour {unknown}
 k - a scroll of blinking {unknown}
Potions
 h - a potion of degeneration {unknown}
Books
 c - the Volume of Creation

   Spells                             Type                      Level
   a - Summon Small Mammal            Summoning                    1
   b - Call Canine Familiar           Summoning                    3
Comestibles
 d - a bread ration
 i - 2 fruits


   Skills:
 - Level 2.2 Fighting
 + Level 0.8 Maces & Flails
 - Level 1.0 Throwing
 - Level 1.3 Stealth
 - Level 1.0 Spellcasting
   Level 3.0 Conjurations
   Level 2.0 Charms
   Level 2.0 Necromancy


You had 3 spell levels left.
You didn't know any spells.

Dungeon Overview and Level Annotations

Branches:
Dungeon (1/15)

Altars:


Innate Abilities, Weirdness & Mutations

You cannot wear most types of armour.
You are amphibious.
You can wear up to eight rings at the same time.
You can use your tentacles to constrict eight enemies at once.
Your skin changes colour to match your surroundings (Stealth).
Your rubbery body absorbs attacks (AC +1).


Message History

You hit the kobold. You grab the kobold.
The kobold is moderately wounded.
You constrict the kobold. The kobold hits you but does no damage.
You hit the kobold but do no damage. You squeeze the kobold.
You kill the kobold!
The kobold throws a stone.
The stone hits you but does no damage.
You swing at nothing.
You hit the kobold. You grab the kobold.
The kobold is severely wounded.
You constrict the kobold, but do no damage.
The kobold hits you but does no damage. The kobold closely misses you.
You hit the kobold.
You kill the kobold!
The kobold throws a stone.
The stone hits you.
* * * LOW HITPOINT WARNING * * *
You swing at nothing.
You hit the kobold. Your grab misses the kobold.
The kobold is moderately wounded.
The kobold hits you with a dagger.
You die...

#.#### #.# #.# #....# #.#
#.# ####.# #.# #.# #.#
#.# ## #.# #.# #♣♣P #.#
#.# ...PP♣ #.# #.# ..÷.PP
#.#############.#
.....P###......K@.......#
.§....((...##############
.....P####.# .÷..PP ..#
≈?. #### ♣♣


You could see a kobold.

Vanquished Creatures
  An ooze (D:1)
  5 bats (D:1)
  A giant cockroach (D:1)
  3 jackals (D:1)
  5 kobolds (D:1)
  A giant newt (D:1)
  3 rats (D:1)
19 creatures vanquished.

Notes
Turn   | Place    | Note
--------------------------------------------------------------
     0 | D:1      | Ratboiler the Octopode Wanderer began the quest for the Orb.
     0 | D:1      | Ratboiler set off with: 2 curare-tipped needles, a +2 blowgun, the Volume of Creation, a bread ration
     0 | D:1      | Reached XP level 1. HP: 11/11 MP: 2/2
     0 | D:1      | Identified the Volume of Creation
    45 | D:1      | Reached skill level 1 in Fighting
   276 | D:1      | Reached XP level 2. HP: 16/18 MP: 3/3
   816 | D:1      | Slain by a kobold

Vault maps used:
D:1:      scummos_arrival_star, lexackson_kobold_supper

Skill      XL: |  1  2 |
---------------+-------+-----
Fighting       | 1 2 |  2.2
Maces & Flails | |  0.8
Throwing       | |  1.0
Stealth        | |  1.3
Spellcasting   | |  1.0
Conjurations   | |  3.0
Charms         | |  2.0
Necromancy     | |  2.0

Action                   || total
-------------------------++-------
Melee: Unarmed           ||    34
       Constrict         ||    13
       Tentacles         ||    11
       Club              ||    20
 Stab: Sleeping          ||     4
Armor: Skin              ||    17
Dodge: Dodged            ||    32
